 Dungeon Crawl Stone Soup version 0.29.1-12-g30fa7ad0bf (webtiles) character file.

Game seed: 8119426688268600619

51 cheesebisquit the Trooper (level 3, 0/49 HPs)
             Began as a Minotaur Berserker on Dec 13, 2022.
             Was a Believer of Trog.
             Slain by Robin
             ... wielding a +0 spear
              (5 damage)
             ... on level 2 of the Dungeon.
             The game lasted 00:04:22 (959 turns).

cheesebisquit the Trooper (Minotaur Berserker)       Turns: 959, Time: 00:04:23

Health: 0/49       AC:  3    Str: 23    XL:     3   Next: 58%
Magic:  2/2        EV: 12    Int:  4    God:    Trog [**....]
Gold:   73         SH:  0    Dex:  9    Spells: 2/2 levels left

rFire   . . .      SeeInvis .   a - +0 hand axe
rCold   . . .      Faith    .   (no shield)
rNeg    . . .      Spirit   .   b - +0 animal skin
rPois   .          Reflect  .   (helmet restricted)
rElec   .          Harm     .   (no cloak)
rCorr   .          Rampage  .   (no gloves)
Will    .....                   l - +0 pair of boots
Stlth   ..........              (no amulet)
HPRegen 0.16/turn               (no ring)
MPRegen 0.08/turn               (no ring)

@: berserking, very quick
A: horns 2, retaliatory headbutt
a: Renounce Religion, Berserk, Trog's Hand


You were on level 2 of the Dungeon.
You worshipped Trog.
Trog was pleased with you.
You visited 1 branch of the dungeon, and saw 2 of its levels.

You collected 73 gold pieces.

Inventory:

Hand Weapons
 a - a +0 hand axe (weapon)
Missiles
 e - 18 stones (quivered)
 g - 5 poisoned darts
Armour
 b - a +0 animal skin (worn)
 k - an orb of mayhem
 l - a +0 pair of boots (worn)
Scrolls
 c - a scroll of vulnerability {unknown}
 d - 4 scrolls of identify {unknown}
 f - 3 scrolls of enchant armour {unknown}
Potions
 h - a potion of attraction {unknown}
 i - a potion of brilliance {unknown}
 j - a potion of mutation {unknown}


   Skills:
 + Level 4.2 Fighting
 + Level 4.2 Axes
 + Level 3.1 Armour
 + Level 2.9 Dodging


You had 2 spell levels left.
You didn't know any spells.
Your spell library was empty.

Dungeon Overview and Level Annotations

Branches:
Dungeon (2/15)

Altars:

Shops:
D:1 *

Annotations:
D:2 Robin


Innate Abilities, Weirdness & Mutations

You have a pair of horns on your head.
You reflexively headbutt those who attack you in melee.


Message History

The goblin hits you with a +0 club. The endoplasm freezes you.
You are frozen.
Robin hits you from afar with a +0 spear.
* * * LOW HITPOINT WARNING * * *
A red film seems to cover your vision as you go berserk!
You feel yourself moving faster!
You feel mighty!
The quokka bites you but does no damage.
The goblin closely misses you. You furiously retaliate!
You headbutt the goblin!
You kill the goblin!
Trog accepts your kill. The endoplasm freezes you.
You are frozen.
* * * LOW HITPOINT WARNING * * *
The goblin barely misses you. Robin misses you.
You closely miss the frilled lizard. You slash the endoplasm!
You kill the endoplasm!
Trog accepts your kill.
You hit the quokka.
You kill the quokka!
Trog accepts your kill.
You miss the goblin. You closely miss the frilled lizard.
You barely miss the goblin. The frilled lizard closely misses you.
Robin hits you from afar with a +0 spear.
* * * LOW HITPOINT WARNING * * *
The goblin barely misses you.
You slash the frilled lizard!
You kill the frilled lizard!
Trog accepts your kill.
You hit the goblin.
You kill the goblin!
Trog accepts your kill. Robin barely misses you.
You barely miss the rat. You headbutt the rat.
You kill the rat!
Trog accepts your kill. Robin hits you with a +0 spear.
You die...

...+
................>#.##
...#
####.............#.##
...#
#..................
...#
#.#...#.###.#..#.#.
####
#.#...#.###.#..#...
###.#................
#.....).)............
#.#+#'#.#..##.#......
#.....@))...#.#......
......g..#.#...#....##
.#.......+.....# ...#
#....$..#.##..# .....
.........+....... .###
.##......### ....
.......# ........#


You could see Robin.

Vanquished Creatures
  An adder (D:2)
  A worm (D:2)
  4 bats (D:1)
  2 endoplasms (D:2)
  3 giant cockroaches
  10 goblins (D:2)
  4 hobgoblins (D:1)
  2 jackals (D:1)
  A kobold (D:1)
  2 quokkas (D:2)
  2 frilled lizards
  A rat (D:2)
33 creatures vanquished.

Notes
Turn   | Place    | Note
-------+----------+-------------------------------------------
     0 | D:1      | cheesebisquit the Minotaur Berserker began the quest for
                  | the Orb.
     0 | D:1      | Reached XP level 1. HP: 19/19 MP: 0/0
    29 | D:1      | Found a faded altar of an unknown god.
   271 | D:1      | Found Keabor's General Store.
   297 | D:1      | Reached XP level 2. HP: 27/27 MP: 1/1
   744 | D:2      | Reached XP level 3. HP: 31/33 MP: 2/2
   944 | D:2      | Noticed Robin
   949 | D:2      | Reached ** piety under Trog
   959 | D:2      | Slain by Robin

Illustrated notes

Levels and vault maps discovered:
D:1:      amcnicky_arrival_flooded_fountain, layout_loops_ring,
          basic_ecumenical_altar, serial_shops, shop
D:2:      layout_basic, uniq_robin

Skill      XL: |  1  2 |
---------------+-------+-----
Fighting       | 4 |  4.2
Axes           | 4 |  4.2
Armour         | 3 |  3.1
Dodging        | |  2.9

Action                   || total
-------------------------++-------
Melee: Hand axe          ||    46
       Headbutt          ||    10
       Punch             ||     1
Invok: Berserk           ||     1
Armor: Animal skin       ||     8
Dodge: Dodged            ||    36
